Map: Zen LE

Players

hestas - Winner!

  • Race: Terran Terran
  • Spawn Location: 7:00

antagomiR

  • Race: Protoss Protoss
  • League: Gold
  • Spawn Location: 1:00

VOD

Have the link to the VOD?

Description

Time

  • Played on: April 11, 2020, 7:20 p.m.
  • Length: 19:13
Show
View Real Time Build Order
Export as new Build Order

hestas Terran - Winner!

Build Orders:  

Get SALT Encoding   

  12  0:02  SCV  
  13  0:17  SCV  
  13  0:18  Supply Depot  
  14  0:29  SCV  
  14  0:30  Refinery  
  15  0:46  SCV  
  15  0:47  Barracks  
  16  1:03  Barracks  
  16  1:06  SCV  
  17  1:19  SCV  
  18  1:35  SCV  
  19  1:47  Reaper  
  19  1:52  Supply Depot  
  20  1:59  Reaper  
  21  2:20  Command Center  
  21  2:21  Refinery, Marine  
  22  2:50  Bunker  
  22  3:03  Marine x2  
  24  3:09  Factory  
  23  3:21  Marine x2  
  25  3:35  Refinery, Orbital Command  
  25  3:38  SCV  
  25  3:39  Refinery, Marine  
  27  3:50  SCV  
  28  3:58  Factory Tech Lab  
  28  4:01  Supply Depot  
  28  4:02  SCV  
  29  4:09  Starport  
  29  4:14  SCV  
  30  4:21  Siege Tank  
  33  4:26  SCV  
  33  4:29  Marine  
  35  4:38  SCV  
  36  4:50  SCV x2  
  38  4:57  Liberator  
  41  5:02  SCV  
  41  5:04  Marine x2  
  44  5:17  Supply Depot  
  44  5:23  Barracks Tech Lab  
  44  5:24  Engineering Bay  
  44  5:33  Engineering Bay  
  44  5:34  Siege Tank  
  47  5:41  SCV  
  48  5:47  Marine x2  
  50  5:58  Bunker  
  50  6:17  Liberator  
  53  6:24  Bunker  
  53  6:40  Siege Tank  
  56  6:49  Bunker  
  56  6:50  SCV  
  56  6:54  Terran Infantry Weapons Level 1  
  57  7:01  Supply Depot  
  57  7:12  Siege Tank  
  60  7:20  Bunker  
  60  7:22  Combat Shield  
  55  7:48  Marine  
  52  7:56  Marine  
  47  8:06  Marine  
  43  8:19  Bunker  
  43  8:26  Marine x2  
  42  8:44  Marine x2  
  42  8:47  Sensor Tower  
  44  8:48  Siege Tank  
  47  8:56  Liberator  
  47  9:02  Marine x2  
  46  9:20  Marine x2, Siege Tank  
  44  9:37  Bunker  
  44  9:39  Liberator  
  44  9:42  Factory  
  44  9:45  Marine x2  
  47  9:49  SCV  
  50  10:01  SCV  
  50  10:03  Marine x2  
  53  10:21  Marine x2  
  53  10:22  Stimpack, Liberator  
  58  10:36  Siege Tank  
  58  10:39  Marine  
  62  10:50  Marine  
  62  10:56  Marine  
  58  11:05  Liberator  
  58  11:08  Marine, Siege Tank  
  61  11:35  Command Center  
  61  11:37  Factory Tech Lab  
  61  11:40  Siege Tank  
  61  11:44  Marauder  
  66  11:47  Liberator  
  69  12:05  Marauder  
  65  12:12  Siege Tank  
  63  12:34  Siege Tank  
  63  12:36  SCV x2, Marine x2  
  70  12:46  Siege Tank  
  70  12:48  SCV  
  70  12:49  Refinery  
  74  12:56  Bunker  
  74  13:04  Liberator  
  77  13:06  Siege Tank  
  77  13:10  Supply Depot  
  80  13:13  Supply Depot  
  80  13:33  Marauder  
  82  13:35  Bunker  
  82  13:43  Bunker  
  82  13:47  Liberator  
  85  13:54  Siege Tank  
  80  14:29  Marine  
  80  14:30  Marine  
  82  14:41  Siege Tank x2  
  88  14:47  Marine x2  
  90  14:54  Bunker  
  89  15:05  Marine x2  
  89  15:14  Siege Tank  
  89  15:15  Siege Tank  
  95  15:23  Marine  
  95  15:24  Marauder  
  98  15:37  Viking  
  98  15:41  Marine  
  101  15:45  Marine  
  90  15:59  Marine  
  90  16:03  Marine  
  90  16:07  Viking  
  90  16:08  Starport  
  87  16:15  SCV  
  87  16:16  Marine  
  89  16:20  Refinery  
  89  16:21  Marauder  
  91  16:27  SCV  
  91  16:28  Terran Infantry Armor Level 1  
  91  16:30  Armory  
  92  16:34  Marine  
  92  16:35  Engineering Bay  
  92  16:37  Viking  
  92  16:39  SCV, Supply Depot  
  96  16:42  Marine  
  96  16:44  Widow Mine x2  
  97  16:51  SCV  
  97  16:52  Marine  
  99  17:01  Marauder  
  101  17:02  Viking  
  101  17:05  Widow Mine  
  101  17:06  Widow Mine  
  101  17:07  Viking  
  109  17:10  Missile Turret  
  105  17:22  Marauder  
  94  17:32  Viking  
  94  17:35  Widow Mine x2  
  100  17:37  Viking  
  100  17:43  Marauder  
  104  17:46  SCV  
  104  17:50  Factory  
  105  17:55  Armory  
  105  17:58  SCV, Supply Depot  
  106  18:07  Viking  
Show
View Real Time Build Order
Export as new Build Order

antagomiR Protoss 

Build Orders:  

Get SALT Encoding   

  12  0:01  Probe  
  13  0:13  Probe  
  14  0:20  Pylon  
  14  0:26  Probe  
  15  0:39  Probe  
  16  0:45  Gateway  
  16  0:51  Probe  
  17  1:03  Probe, Assimilator  
  18  1:15  Probe  
  19  1:19  Assimilator  
  19  1:32  Cybernetics Core  
  19  1:44  Probe  
  20  1:53  Pylon  
  20  1:56  Probe  
  21  2:06  Stalker (Chrono Boost)  
  21  2:07  Warp Gate (Chrono Boost)  
  23  2:24  Nexus  
  23  2:25  Robotics Facility  
  23  2:33  Stalker  
  25  2:42  Pylon  
  25  2:46  Probe  
  26  3:21  Probe  
  26  3:22  Shield Battery  
  26  3:26  Immortal  
  31  3:33  Probe  
  32  3:36  Probe  
  33  3:45  Probe  
  33  3:46  Gateway  
  34  3:53  Probe  
  35  3:58  Probe  
  36  4:05  Probe  
  36  4:06  Observer  
  36  4:09  Sentry  
  40  4:10  Probe  
  40  4:17  Probe, Pylon  
  41  4:22  Probe  
  43  4:27  Gateway  
  43  4:29  Probe  
  48  4:38  Immortal  
  48  4:40  Probe  
  49  4:53  Assimilator  
  49  4:54  Stalker  
  49  4:56  Sentry  
  49  4:58  Assimilator  
  53  5:13  Probe x2  
  55  5:23  Shield Battery  
  55  5:25  Stalker  
  55  5:27  Sentry  
  59  5:51  Twilight Council  
  59  5:52  Pylon  
  59  5:57  Pylon  
  59  6:00  Pylon, Zealot  
  61  6:06  Probe  
  61  6:10  Probe  
  61  6:11  Immortal (Chrono Boost)  
  67  6:18  Probe  
  68  6:19  Stalker x2  
  67  6:45  Probe x2  
  69  6:47  Immortal (Chrono Boost)  
  73  6:57  Probe x2, Robotics Facility  
  73  7:00  Pylon  
  75  7:06  Pylon  
  75  7:18  Forge  
  75  7:19  Immortal  
  73  7:45  Stalker x3  
  75  7:55  Probe x2  
  75  8:02  Photon Cannon  
  61  8:17  Stalker x2  
  61  8:18  Stalker  
  64  8:30  Templar Archives  
  63  8:35  Probe x2  
  65  8:41  Protoss Ground Weapons Level 1 (Chrono Boost)  
  65  8:42  Stalker x3  
  65  8:47  Probe  
  69  9:09  Nexus  
  63  9:37  Pylon  
  63  9:38  Immortal x2  
  69  9:39  Pylon  
  69  9:41  Stalker  
  69  9:42  Stalker  
  73  9:50  Probe x2  
  75  9:56  Shield Battery  
  75  9:58  Shield Battery  
  75  10:02  Probe x2  
  75  10:05  Pylon  
  77  10:14  Probe  
  77  10:17  Immortal x2  
  77  10:18  Blink (Chrono Boost)  
  86  10:24  Probe x2  
  86  10:26  Probe  
  86  10:27  Pylon  
  89  10:29  Assimilator  
  89  10:36  Probe  
  78  11:05  Stalker  
  78  11:06  Stalker x2  
  80  11:20  Protoss Ground Weapons Level 2 (Chrono Boost)  
  80  11:28  Assimilator  
  80  11:30  Assimilator  
  80  11:31  Probe  
  80  11:32  Probe x2  
  83  11:35  Photon Cannon  
  83  11:38  Photon Cannon  
  83  11:39  Stalker  
  85  11:40  Stalker  
  85  11:41  Photon Cannon  
  85  11:43  Probe  
  52  12:17  Immortal x2  
  52  12:19  Stalker x2  
  52  12:20  Stalker  
  62  12:34  Probe x3  
  59  12:40  Stargate  
  59  12:41  Stargate  
  53  12:46  Probe  
  53  12:48  Stargate  
  53  12:50  Stalker x3  
  58  12:55  Probe x2  
  58  12:56  Immortal x2  
  58  12:58  Probe  
  69  13:07  Probe x2  
  69  13:10  Probe  
  69  13:11  Photon Cannon  
  72  13:14  Photon Cannon  
  72  13:19  Probe x2  
  74  13:22  Probe  
  74  13:23  High Templar x3  
  81  13:31  Probe x2  
  81  13:33  Void Ray  
  87  13:37  Archon  
  87  13:42  Gateway  
  87  13:45  Gateway  
  87  13:46  Probe  
  82  14:21  High Templar x3  
  84  14:25  Archon x2  
  72  14:38  Stalker  
  60  14:51  Zealot  
  51  15:13  Void Ray x3 (Chrono Boost)  
  37  15:26  Photon Cannon  
  31  15:47  Void Ray x3 (Chrono Boost)  
  43  16:16  Probe x2  
  45  16:29  Void Ray x2  
  45  16:30  Probe  
  26  17:37  Probe x2  
  28  17:49  Probe x2  
  30  18:01  Probe x2  
  30  18:02  Photon Cannon  
  32  18:13  Probe x2  
  34  18:25  Probe x2  
  36  18:37  Probe  
  36  18:38  Probe  
  42  18:49  Probe  
  42  18:50  Probe  
Tags
 
League
Gold
Matchup
PvT
Replay Pack
20200422
Spawn Locations
Cross Positions
Add a new tag
Caveats
  • Supply blocks, unpowered buildings, or Contaminate may cause inaccurate times.
  • Supply counts are checked every 10 seconds.